 Dungeon Sprint DCSS version 0.27.1-33-g824d729ab1 (webtiles) character file.

Game seed: 6435914070478326599

263 Hipnos the Fighter (level 6, 0/47 HPs)
             Began as a Gargoyle Berserker on Dec 2, 2021.
             Was a Believer of Trog.
             Slain by a jelly (3 damage)
             ... in the Dungeon (Sprint I: "Red Sonja").
             The game lasted 00:00:49 (204 turns).

Hipnos the Fighter (Gargoyle Berserker)              Turns: 204, Time: 00:00:50

Health: 0/47       AC: -4    Str: 23    XL:     6   Next: 19%
Magic:  6/6        EV: 11    Int:  7    God:    Trog [**....]
Gold:   162        SH:  0    Dex:  9    Spells: 5/5 levels left

rFire    . . .     SeeInvis .   a - +0 mace
rCold    . . .     Faith    .   (no shield)
rNeg     + . .     Spirit   .   j - +0 leather armour
rPois    ∞         Reflect  .   (no helmet)
rElec    +         Harm     .   (no cloak)
rCorr    .         Rampage  .   (no gloves)
Will     .....     NoTele   +   (no boots)
Stlth    +.........             (no amulet)
HPRegen  0.15/turn              (no ring)
MPRegen  0.10/turn              (no ring)

@: corroded, on berserk cooldown, slowed, very slow
A: sickness immunity, AC +4, negative energy resistance 1, electricity
resistance, torment resistance 1, petrification resistance
a: Renounce Religion, Berserk, Trog's Hand


You were in the Dungeon.
You worshipped Trog.
Trog was pleased with you.
You visited 1 branch You collected 162 gold pieces.

Inventory:

Hand Weapons
 a - a +0 mace (weapon)
Armour
 b - a +0 animal skin
 j - a +0 leather armour (worn)
Wands
 i - a wand of polymorph (4)
Scrolls
 h - a scroll of blinking
Potions
 c - a potion of curing
 e - a potion of haste
 f - 2 potions of magic
 g - a potion of berserk rage


   Skills:
 * Level 9.6 Fighting
 * Level 8.9 Maces & Flails
 + Level 4.2 Armour
 - Level 2.2 Dodging
 + Level 1.0 Stealth
 - Level 0.1 Unarmed Combat


You had 5 spell levels left.
You didn't know any spells.
Your spell library was empty.

Dungeon Overview and Level Annotations

Branches:
Dungeon (1/1)

Altars:
Sif Muna
Vehumet
Wu Jian


Innate Abilities, Weirdness & Mutations

You are immune to sickness and miasma.
Your stone body is resilient. (AC +4)
You are immune to poison.
You resist negative energy. (rN+)
You are resistant to electric shocks. (rElec)
You are resistant to unholy torment.
You are immune to petrification.


Message History

You now have 162 gold pieces (gained 27).
You open the door.
Found a runed long sword and a hunting sling.
Found two altars.
A jelly comes into view.
There is an open door here.
Found a radiant altar of Vehumet.
The jelly quivers.
You see here a +2 long sword of distortion.
The jelly barely misses you.
You see here a +0 hunting sling.
You hit the jelly. The acid corrodes you!
Your hands burn!
The jelly is lightly wounded.
The jelly hits you but does no damage.
You hit the jelly but do no damage.
Your hands burn!
The jelly is lightly wounded.
The jelly hits you.
You are splashed with acid!
The jelly closely misses you.
You hit the jelly.
Your hands burn!
The jelly is moderately wounded.
The jelly hits you.
You are splashed with acid!
* * * LOW HITPOINT WARNING * * *
You hit the jelly.
Your hands burn!
* * * LOW HITPOINT WARNING * * *
The jelly is severely wounded.
The jelly closely misses you. The jelly misses you.
You see here a +2 long sword of distortion.
Okay, then.
The jelly closely misses you.
There is an open door here.
You feel much better. The jelly barely misses you.
You hit the jelly but do no damage.
Your hands burn!
The jelly is severely wounded.
The jelly hits you. The acid corrodes you!
You are splashed with acid!
The jelly hits you.
You are splashed with acid!
* * * LOW HITPOINT WARNING * * *
You hit the jelly. The acid corrodes you!
Your hands burn!
* * * LOW HITPOINT WARNING * * *
The jelly is almost dead.
The jelly hits you.
You die...

################
#<.#..)..#..'..#
#..').#..').#..+
#..#####'#####@#
#..# #..# #J#
#..# #### #)#
#..# #_.+ #⌠⌠#
..._# ####
#_.#+# ##+


You could see a jelly.

Vanquished Creatures
  Sigmund (D)
  An ogre (D)
  Ijyb (D)
3 creatures vanquished.

Notes
Turn   | Place    | Note
-------+----------+-------------------------------------------
     0 | D        | Hipnos the Gargoyle Berserker began the quest for the Orb.
     0 | D        | Reached XP level 1. HP: 14/14 MP: 1/1
     1 | D        | Noticed Ijyb
    16 | D        | Killed Ijyb
    17 | D        | Reached skill level 5 in Fighting
    17 | D        | Reached XP level 2. HP: 14/21 MP: 2/2
    17 | D        | Reached XP level 3. HP: 18/26 MP: 3/3
    89 | D        | Noticed an ogre
    93 | D        | Killed an ogre
    94 | D        | Reached skill level 7 in Fighting
    94 | D        | Reached XP level 4. HP: 34/34 MP: 4/4
   166 | D        | Noticed Sigmund
   178 | D        | Killed Sigmund
   178 | D        | Reached ** piety under Trog
   179 | D        | Reached skill level 9 in Fighting
   179 | D        | Reached skill level 1 in Stealth
   179 | D        | Reached XP level 5. HP: 41/41 MP: 5/5
   179 | D        | Reached XP level 6. HP: 47/47 MP: 6/6
   192 | D        | Found an ornate altar of the Wu Jian Council.
   192 | D        | Found a shimmering blue altar of Sif Muna.
   194 | D        | Found a radiant altar of Vehumet.
   204 | D        | Slain by a jelly

Illustrated notes

Levels and vault maps discovered:
D:        dungeon_sprint_1 [red_sonja_temple_1, red_sonja_temple_small_1]

Skill      XL: |  1  2  3  4 |
---------------+-------------+-----
Fighting       | 5 7 9 |  9.6
Maces & Flails | 4 6 8 |  8.9
Dodging        | 2 |  2.2
Armour         | 3 4 |  4.2
Stealth        | 1 |  1.0
Unarmed Combat | |  0.1

Action                   |  1- 3 |  4- 6 || total
-------------------------+-------+-------++-------
Melee: Unarmed           |     8 |       ||     8
       Mace              |     8 |    16 ||    24
Invok: Berserk           |     2 |     1 ||     3
  Use: Potion            |       |     1 ||     1
Armor: Leather armour    |       |     1 ||     1
Dodge: Dodged            |     5 |     8 ||    13
